Map: 2000 атмосфер РВ

Players

ИИ 1 (эксперт)

  • Race: Protoss Protoss

Doll - Winner!

  • Race: Terran Terran

VOD

Have the link to the VOD?

Description

Time

  • Played on: July 28, 2021, 9:06 a.m.
  • Length: 11:24
Show
View Real Time Build Order
Export as new Build Order

ИИ 1 (эксперт) Protoss 

Build Orders:  

Get SALT Encoding   

  12  0:00  Probe  
  13  0:13  Probe  
  14  0:19  Pylon  
  14  0:25  Probe  
  15  0:34  Probe  
  15  0:42  Probe  
  16  0:47  Assimilator  
  17  0:51  Gateway  
  17  0:52  Probe  
  18  1:00  Probe, Pylon  
  19  1:08  Probe  
  19  1:18  Probe  
  21  1:30  Probe  
  22  1:39  Zealot  
  24  1:42  Probe  
  25  1:48  Nexus  
  25  2:00  Probe, Cybernetics Core  
  26  2:08  Probe  
  27  2:17  Probe  
  28  2:29  Probe, Pylon  
  29  2:37  Warp Gate  
  29  2:38  Stalker  
  29  2:39  Gateway  
  29  2:42  Assimilator  
  31  2:47  Probe  
  32  2:56  Probe  
  32  2:59  Probe, Pylon, Adept  
  34  3:06  Probe  
  38  3:12  Probe  
  38  3:21  Robotics Facility  
  38  3:26  Probe, Adept  
  41  3:28  Adept  
  41  3:29  Probe  
  44  3:38  Probe  
  45  3:41  Probe  
  46  3:51  Probe  
  46  3:52  Adept  
  46  3:53  Probe, Pylon  
  48  3:58  Adept  
  48  4:01  Probe  
  52  4:03  Probe  
  52  4:09  Probe  
  54  4:11  Immortal  
  54  4:13  Pylon  
  54  4:15  Probe  
  60  4:21  Probe  
  61  4:27  Probe, Stalker  
  61  4:29  Robotics Facility  
  64  4:35  Stalker  
  66  4:42  Probe  
  66  4:43  Immortal  
  66  4:44  Probe  
  68  4:48  Stalker  
  74  4:53  Pylon  
  74  4:55  Pylon  
  74  4:59  Stalker  
  76  5:11  Probe x2, Stalker  
  80  5:16  Immortal  
  84  5:23  Zealot  
  84  5:25  Pylon  
  86  5:36  Twilight Council  
  86  5:38  Assimilator  
  86  5:40  Assimilator, Gateway  
  86  5:50  Zealot  
  86  5:55  Pylon  
  88  6:00  Probe  
  88  6:01  Probe  
  90  6:11  Probe  
  90  6:16  Templar Archives  
  91  6:19  Nexus  
  91  6:24  Forge  
  91  6:28  Forge  
  91  6:39  Pylon, Zealot x3  
  85  6:51  Protoss Ground Weapons Level 1  
  69  6:59  Stalker, Adept  
  69  7:00  Sentry  
  63  7:02  Pylon  
  63  7:03  Photon Cannon  
  63  7:05  Observer  
  54  7:18  Photon Cannon  
  54  7:19  Adept  
  54  7:22  Zealot, Stalker  
  52  7:25  Probe  
  52  7:26  Probe  
  48  7:31  Probe  
  48  7:37  Probe  
  42  7:39  Probe, Sentry  
  42  7:43  Zealot  
  42  7:45  Probe, High Templar  
  42  7:49  Probe  
  42  7:57  Probe  
  35  8:01  Probe  
  35  8:02  High Templar, Assimilator  
  35  8:03  Zealot  
  28  8:14  Assimilator  
  28  8:17  Stalker  
  28  8:23  Adept  
  30  8:27  Probe  
  30  8:28  Probe  
  30  8:29  Probe  
  33  8:37  Probe  
  33  8:40  Probe  
  35  8:50  Probe  
  35  8:57  Probe  
  35  8:59  Probe  
  35  9:02  Probe  
  38  9:09  Probe, High Templar  
  41  9:12  Probe  
  41  9:14  Probe  
  43  9:17  Stalker  
  43  9:21  Probe  
  46  9:24  Stalker  
  46  9:26  Probe  
  46  9:28  Archon  
  49  9:33  Probe  
  49  9:35  Probe  
  50  9:38  Zealot  
  50  9:41  Probe, High Templar  
  50  9:43  Probe  
  56  9:46  Probe  
  58  9:53  Probe  
  58  9:57  High Templar  
  58  9:58  Probe, Adept  
  56  10:07  Probe  
  52  10:10  Probe, Archon  
  52  10:14  Zealot  
  55  10:18  High Templar  
  48  10:27  High Templar  
  37  10:34  Stalker  
  16  10:53  Zealot  
  14  11:04  High Templar  
  14  11:08  Probe  
  17  11:15  High Templar  
Show
View Real Time Build Order
Export as new Build Order

Doll Terran - Winner!

Build Orders: 2 Factory, Command Center First (CC), Mech 

Get SALT Encoding   

  12  0:00  SCV  
  13  0:13  Supply Depot  
  13  0:18  SCV  
  14  0:31  SCV  
  15  0:46  SCV  
  16  0:58  Command Center  
  16  1:01  SCV  
  17  1:14  Barracks  
  17  1:15  SCV  
  18  1:28  Barracks  
  18  1:30  SCV  
  19  1:37  Refinery  
  19  1:42  SCV  
  20  1:51  Supply Depot  
  20  1:55  SCV  
  20  2:01  Marine  
  22  2:07  SCV  
  23  2:13  Refinery  
  23  2:15  Marine  
  24  2:20  Marine  
  24  2:21  SCV  
  26  2:29  SCV  
  27  2:33  Marine  
  27  2:36  Orbital Command  
  28  2:39  Marine  
  28  2:42  SCV  
  30  2:50  Factory, Marine  
  31  2:55  SCV  
  31  2:57  Marine  
  33  3:01  SCV  
  34  3:07  SCV  
  34  3:08  Marine  
  36  3:14  SCV, Factory  
  36  3:17  Marine  
  38  3:20  SCV  
  38  3:26  Marine  
  40  3:27  SCV  
  40  3:32  Supply Depot  
  40  3:33  SCV  
  42  3:35  Hellion  
  42  3:37  Marine  
  42  3:40  SCV  
  46  3:48  Orbital Command  
  46  3:49  Barracks Tech Lab  
  46  3:55  Marine  
  46  3:57  Supply Depot  
  46  3:58  Hellion  
  46  3:59  SCV  
  50  4:03  Hellion  
  50  4:07  Marauder  
  54  4:16  Supply Depot  
  54  4:18  Barracks Tech Lab  
  54  4:20  Hellion  
  54  4:21  SCV x2  
  58  4:25  Hellion  
  58  4:30  Armory  
  60  4:31  Marauder  
  60  4:35  Stimpack  
  64  4:38  Marauder  
  64  4:42  SCV, Supply Depot  
  64  4:43  SCV  
  66  4:45  Factory Tech Lab  
  66  4:48  Hellion  
  68  4:54  SCV  
  68  4:55  SCV, Supply Depot  
  70  5:06  Siege Tank  
  73  5:07  Marauder, Starport  
  73  5:08  Marauder  
  73  5:11  Factory Tech Lab  
  77  5:18  Bunker, Refinery  
  77  5:19  SCV x2  
  77  5:20  Refinery  
  79  5:30  Factory, Marauder  
  79  5:33  Hellion  
  83  5:38  SCV x2  
  83  5:39  Infernal Pre-Igniter  
  85  5:55  Supply Depot  
  85  5:56  Starport Tech Lab  
  85  5:59  Command Center  
  85  6:01  Starport  
  85  6:10  SCV  
  86  6:14  Supply Depot x2  
  86  6:17  SCV  
  86  6:18  Factory Tech Lab  
  87  6:19  Siege Tank  
  87  6:20  Marine  
  87  6:21  Marine  
  87  6:22  Starport  
  87  6:24  SCV  
  93  6:30  Supply Depot  
  93  6:33  Engineering Bay  
  93  6:36  SCV, Engineering Bay  
  93  6:37  SCV  
  95  6:41  Marauder  
  95  6:44  Hellion  
  88  6:51  SCV  
  88  6:53  Ghost Academy  
  80  6:58  SCV, Marauder  
  79  7:02  Siege Tank  
  79  7:04  SCV  
  83  7:10  Marauder  
  83  7:11  Siege Tank  
  83  7:15  SCV  
  85  7:17  Orbital Command  
  85  7:18  Starport Tech Lab  
  85  7:23  Terran Infantry Weapons Level 1  
  85  7:26  Terran Infantry Armor Level 1  
  85  7:28  Terran Vehicle Weapons Level 1  
  85  7:29  SCV  
  86  7:31  SCV  
  86  7:35  Cyclone  
  90  7:39  Marauder  
  90  7:44  Banshee  
  93  7:46  Marauder  
  93  7:50  Hellion  
  97  7:53  Refinery  
  97  7:54  Refinery  
  97  7:55  SCV x2  
  97  7:57  SCV  
  100  8:01  Siege Tank  
  95  8:10  Cyclone, Barracks  
  95  8:11  SCV  
  95  8:12  SCV x2  
  101  8:13  Starport Tech Lab  
  101  8:17  Cyclone  
  104  8:20  Marine x2  
  104  8:25  Combat Shield  
  103  8:27  SCV x2  
  103  8:28  SCV  
  103  8:29  Concussive Shells  
  106  8:35  Hellion  
  108  8:43  Hellion, SCV x2  
  108  8:44  SCV  
  108  8:45  Marauder, Starport  
  108  8:46  Marauder  
  117  8:50  Barracks  
  120  8:57  Medivac  
  120  8:58  Barracks Tech Lab  
  120  9:00  Hellion  
  120  9:01  Hellion  
  120  9:02  SCV x3  
  126  9:06  Marauder  
  126  9:08  Medivac  
  130  9:15  SCV, Supply Depot  
  133  9:18  Supply Depot  
  133  9:36  SCV  
  133  9:37  Supply Depot  
  134  9:40  Unknown  
Tags
 
Add a new tag
Caveats
  • Supply blocks, unpowered buildings, or Contaminate may cause inaccurate times.
  • Supply counts are checked every 10 seconds.